 Dungeon Crawl Stone Soup version 0.31-a0-37-g98a128e1d9 (webtiles) character file.

Game seed: 17472295195746225537

107 CowFu the Changer (level 4, -7/30 (35) HPs)
             Began as a Draconian Transmuter on May 14, 2023.
             Mangled by Duvessa
             ... wielding a +0 rapier of draining
              (11 damage)
             ... on level 4 of the Dungeon.
             The game lasted 00:03:08 (2240 turns).

CowFu the Changer (Draconian Transmuter)            Turns: 2240, Time: 00:03:08

HP:   -7/30 (35)    AC:  5    Str: 12    XL:     4   Next: 57%
MP:   7/7           EV: 12    Int: 13    God:
Gold: 194           SH:  0    Dex: 14    Spells: 6/7 levels left

rFire   . . .        g - +2 spear (venom)
rCold   . . .        (no shield)
rNeg    + . .        (body armour unavailable)
rPois   .            (helmet restricted)
rElec   +            (no cloak)
rCorr   +            (no gloves)
SInv    .            (no boots)
Will    .....        (no amulet)
Stlth   +            e - ring of resist corrosion
HPRegen 0.25/turn    h - ring of positive energy
MPRegen 0.10/turn

%: clarity
@: heavily drained
A: AC +5, unfitting armour, cold-blooded, horns 1, clarity, electricity
resistance
a: no special abilities


You were on level 4 of the Dungeon.
You visited 1 branch of the dungeon, and saw 4 of its levels.

You collected 194 gold pieces.

Inventory:

Hand Weapons
 g - a +2 spear of venom (weapon)
Jewellery
 e - a ring of resist corrosion (left hand)
 h - a ring of positive energy (right hand)
 l - a ring of positive energy
Wands
 r - a wand of polymorph (7)
Scrolls
 b - a scroll of summoning {unknown}
 c - a scroll of noise {unknown}
 d - 3 scrolls of identify {unknown}
 i - a scroll of brand weapon {unknown}
 m - 3 scrolls of teleportation {unknown}
 n - a scroll of poison {unknown}
 p - a scroll of amnesia {unknown}
 q - a scroll of fear {unknown}
Potions
 a - a potion of lignification
 f - a potion of attraction
 j - a potion of curing {unknown}
 k - 2 potions of might
 o - a potion of haste {unknown}
 s - a potion of resistance {unknown}


   Skills:
 - Level 1.1 Fighting
 - Level 1.7 Dodging
 - Level 3.8 Unarmed Combat
 - Level 2.0 Spellcasting
 + Level 4.2 Transmutations


You had 6 spell levels left.
You knew the following spells:

 Your Spells              Type           Power      Damage    Failure   Level
a - Beastly Appendage     Tmut           24%        N/A       4%          1

Your spell library contained the following spells:

 Spells                   Type           Power      Damage    Failure   Level
 Wereblood                Tmut           12%        N/A       7%          2
 Spider Form              Tmut/Pois      6%         N/A       32%         3
 Vhi's Electric Charge    Tloc/Air       2%         N/A       58%         3
 Ice Form                 Ice/Tmut       6%         N/A       71%         4
 Arcjolt                  Conj/Air       0%         1d10      100%        5
 Maxwell's Capacitive Co  Air            0%         ∞         100%        8


Dungeon Overview and Level Annotations

Branches:
Dungeon (4/15)
 Temple: D:4-7

Altars:
Ashenzari
Kikubaaqudgha
Vehumet

Annotations:
D:3 3 runed translucent doors, oldplebian's ghost, amateur DgEE
D:4 Dowan; Duvessa


Innate Abilities, Weirdness & Mutations

Your plain brown scales are hard. (AC +5)
You cannot fit into any form of body armour.
You are cold-blooded and may be slowed by cold attacks.
You have a pair of small horns on your head.
You possess an exceptional clarity of mind.
You are resistant to electric shocks. (rElec)


Message History

Dowan gestures wildly while chanting.
Dowan blinks!
There are monsters nearby!
You barely miss Duvessa.
Duvessa is lightly wounded.
Duvessa hits you with a +0 rapier of draining!
You partially resist.
You feel drained. Duvessa closely misses you.
There are monsters nearby!
You hit Duvessa.
Duvessa looks even sicker.
You headbutt Duvessa.
Your tail-slap misses Duvessa.
Duvessa is moderately wounded.
Duvessa hits you with a +0 rapier of draining.
You partially resist.
You feel drained. Duvessa closely misses you.
Dowan gestures wildly while chanting.
Dowan blinks!
You hit Duvessa.
Duvessa looks as sick as possible!
You punch Duvessa, but do no damage.
Duvessa is moderately wounded.
Duvessa closely misses you. x2
Duvessa attacks as you move away!
Duvessa hits you with a +0 rapier of draining.
You partially resist.
You feel drained.
You barely miss Duvessa.
Duvessa is heavily wounded.
Duvessa hits you with a +0 rapier of draining.
* * * LOW HITPOINT WARNING * * *
You partially resist.
You feel drained. Duvessa completely misses you.
Duvessa attacks as you move away! Duvessa hits you but does no damage.
You partially resist.
You hit Duvessa but do no damage.
Duvessa is heavily wounded.
Duvessa hits you with a +0 rapier of draining.
* * * LOW HITPOINT WARNING * * *
You partially resist.
You feel drained.
You barely miss Duvessa. Your headbutt misses Duvessa.
You tail-slap Duvessa, but do no damage.
Duvessa is severely wounded.
Duvessa hits you with a +0 rapier of draining!
You die...

### #.. ..# # #.. #.#.# ...
#.#. ... ... #.# # #.# #.#
.#.##.##.# ###[######
.........#########......<.#
.#.#####.e.@..........###.##
#.#####.##e#.#.#.....# #...
#.......##.#.#.#...#.# ####
#######.##...........#
#.##.#...#.##..# ###
#.##.#...#.##..## #..
#...............# #.#
#######.###.....# #.#
#............# #.#


You could see Duvessa (fast, very poisoned) and Dowan.

Vanquished Creatures
  Terence (D:2)
  Robin (D:3)
  2 adders
  A worm (D:2)
  3 bats
  3 endoplasms
  3 giant cockroaches
  13 goblins
  A hobgoblin (D:3)
  3 jackals (D:1)
  4 quokkas (D:1)
  3 ball pythons
  3 frilled lizards
  4 kobolds
  5 rats
50 creatures vanquished.

Notes
Turn   | Place    | Note
-------+----------+-------------------------------------------
     0 | D:1      | CowFu the Draconian Transmuter began the quest for the Orb.
     0 | D:1      | Reached XP level 1. HP: 16/16 MP: 3/3
   174 | D:1      | Reached XP level 2. HP: 18/23 MP: 5/5
   851 | D:2      | Reached XP level 3. HP: 28/28 MP: 6/6
   896 | D:2      | Found an ancient bone altar of Kikubaaqudgha.
   951 | D:2      | Reached skill level 3 in Transmutations
  1142 | D:2      | Noticed Terence
  1148 | D:2      | Killed Terence
  1149 | D:2      | Reached XP level 4. HP: 32/35 MP: 7/7
  1715 | D:3      | Found a broken altar of Ashenzari.
  1722 | D:3      | Noticed Robin
  1735 | D:3      | Reached skill level 4 in Transmutations
  1748 | D:3      | Killed Robin
  1756 | D:3      | Gained mutation: You have a pair of small horns on your
                  | head. [potion of mutation]
  1756 | D:3      | Gained mutation: You are resistant to electric shocks.
                  | (rElec) [potion of mutation]
  1756 | D:3      | Gained mutation: You possess an exceptional clarity of
                  | mind. [potion of mutation]
  1805 | D:3      | Found a runed translucent gate.
  1806 | D:3      | Found a runed translucent gate.
  1806 | D:3      | Noticed oldplebian's ghost (amateur DgEE)
  1807 | D:3      | Found a runed translucent gate.
  1815 | D:3      | Identified the +0 mace of the Dove {freeze, rC- Dex+9}
  1992 | D:3      | Found a radiant altar of Vehumet.
  2227 | D:4      | Noticed Dowan
  2229 | D:4      | Noticed Duvessa
  2240 | D:4      | Mangled by Duvessa

Illustrated notes

Levels and vault maps discovered:
D:1:      scummos_arrival_forest, layout_loops_cross
D:2:      layout_basic, basic_altar, serial_bayou_pond_a, uniq_terence
D:3:      layout_rooms, mainiacjoe_overflow_large_starburst,
          biasface_ghost_orc_armoury, uniq_robin
D:4:      layout_loops_cross, uniq_duvessa

Skill      XL: |  1  2  3  4 |
---------------+-------------+-----
Transmutations | 3 4 |  4.2
Fighting       | |  1.1
Dodging        | |  1.7
Unarmed Combat | |  3.8
Spellcasting   | |  2.0

Action                     |  1- 3 |  4- 6 || total
---------------------------+-------+-------++-------
  Melee: Unarmed           |    60 |     6 ||    66
         Tailslap          |     9 |     4 ||    13
         Spear             |    32 |    34 ||    66
         Kick              |     1 |       ||     1
         Headbutt          |       |     2 ||     2
         Punch             |       |     1 ||     1
   Cast: Beastly Appendage |     1 |       ||     1
    Use: Potion            |       |     4 ||     4
   Stab: Sleeping          |     2 |     1 ||     3
 Armour: Skin              |    28 |    11 ||    39
  Dodge: Dodged            |    55 |    28 ||    83

Table legend: (Time is in decaauts)
 A = Elapsed time spent in this place.
 B = Non-inter-level travel time spent in this place.
 C = Inter-level travel time spent in this place.
 D = Time resting spent in this place.
 E = Time spent auto-exploring this place.
 F = Levels seen in this place.
 G = Mean time per level.
                   A        B        C        D        E       F      G
               +--------+--------+--------+--------+--------+-----+--------+
         Total |   2242 |   2171 |     71 |      0 |   1815 |   4 |  560.5 |
       Dungeon |   2242 |   2171 |     71 |      0 |   1815 |   4 |  560.5 |
               +--------+--------+--------+--------+--------+-----+--------+

Top non-repeatable levels by time:
     D:2: 883 daAuts
     D:1: 735 daAuts
     D:3: 491 daAuts
     D:4: 131 daAuts
